Map: Curious Minds LE

Players

LayoverS

  • Race: Zerg Zerg
  • League: Gold
  • Spawn Location: 5:00

Pumba - Winner!

  • Race: Protoss Protoss
  • League: Gold
  • Spawn Location: 11:00

VOD

Have the link to the VOD?

Description

Time

  • Played on: Feb. 1, 2022, 6:41 p.m.
  • Length: 9:37
Show
View Real Time Build Order
Export as new Build Order

LayoverS Zerg 

Build Orders: Hatch First 

Get SALT Encoding   

  12  0:00  Drone  
  13  0:09  Drone  
  13  0:13  Extractor  
  13  0:15  Drone  
  14  0:25  Overlord  
  14  0:49  Hatchery  
  13  1:10  Spawning Pool  
  12  1:12  Drone  
  12  1:17  Drone  
  14  1:22  Drone  
  15  1:27  Drone  
  16  1:57  Queen  
  16  1:59  Metabolic Boost  
  18  2:02  Queen  
  20  2:18  Zergling x10  
  25  2:29  Overlord  
  25  2:43  Drone  
  26  2:44  Drone x2  
  23  3:23  Drone  
  23  3:24  Drone x10  
  34  3:29  Queen  
  36  3:42  Overlord  
  36  3:49  Extractor  
  35  4:03  Lair  
  35  4:12  Queen  
  35  4:15  Drone x3  
  40  4:24  Evolution Chamber  
  40  4:29  Roach Warren  
  38  4:35  Evolution Chamber  
  38  4:36  Drone x3  
  40  4:38  Overlord x2  
  40  4:39  Overlord x3  
  40  4:51  Zerg Missile Weapons Level 1  
  40  5:01  Zerg Ground Armor Level 1  
  40  5:28  Hatchery  
  39  5:41  Glial Reconstitution  
  39  5:55  Roach x8  
  39  5:56  Roach x7  
  69  6:29  Zergling x2  
  69  6:30  Zergling x10  
  69  6:31  Hatchery  
  74  6:37  Overlord  
  74  6:38  Overlord x2  
  74  6:48  Zerg Missile Weapons Level 2  
  74  7:01  Extractor  
  74  7:02  Zerg Ground Armor Level 2  
  74  7:03  Extractor  
  72  7:18  Drone  
  72  7:19  Drone x14  
  67  7:52  Roach x10  
  71  8:07  Zergling x2  
  71  8:08  Zergling x22  
  68  8:38  Roach x10  
  68  8:40  Roach  
  75  8:44  Roach  
Show
View Real Time Build Order
Export as new Build Order

Pumba Protoss - Winner!

Build Orders: 1 Gate Expand, Colossus Rush 

Get SALT Encoding   

  12  0:00  Probe  
  13  0:12  Probe  
  14  0:21  Pylon  
  14  0:25  Probe  
  15  0:39  Probe (Chrono Boost)  
  15  0:41  Gateway  
  16  0:50  Assimilator  
  16  0:51  Probe (Chrono Boost)  
  17  1:01  Probe (Chrono Boost)  
  18  1:12  Probe  
  19  1:24  Probe  
  20  1:31  Nexus  
  20  1:35  Cybernetics Core  
  20  1:38  Probe  
  21  1:46  Assimilator  
  21  1:50  Probe  
  22  1:57  Pylon  
  22  2:02  Probe  
  22  2:03  Warp Gate  
  23  2:13  Stalker (Chrono Boost)  
  23  2:15  Probe  
  26  2:27  Probe  
  27  2:32  Robotics Facility  
  27  2:42  Probe (Chrono Boost)  
  27  2:43  Probe (Chrono Boost)  
  29  2:44  Stalker  
  32  2:52  Probe (Chrono Boost)  
  32  2:54  Probe (Chrono Boost)  
  32  2:57  Probe (Chrono Boost)  
  33  3:04  Probe (Chrono Boost)  
  35  3:06  Shield Battery  
  35  3:09  Probe (Chrono Boost)  
  31  3:21  Probe x2 (Chrono Boost)  
  31  3:25  Stalker  
  33  3:27  Probe (Chrono Boost)  
  33  3:29  Probe  
  35  3:35  Assimilator x2  
  35  3:39  Probe  
  36  3:45  Gateway  
  36  3:47  Gateway  
  36  3:49  Probe  
  37  3:58  Probe  
  38  4:03  Probe  
  39  4:10  Robotics Bay, Probe  
  39  4:13  Stalker  
  42  4:17  Probe  
  42  4:20  Observer (Chrono Boost)  
  42  4:22  Probe  
  45  4:30  Probe, Pylon  
  46  4:35  Pylon  
  46  4:49  Probe  
  46  4:52  Sentry x3, Pylon  
  53  4:55  Pylon  
  53  4:56  Colossus (Chrono Boost)  
  53  4:58  Probe  
  60  5:06  Pylon  
  60  5:27  Sentry  
  60  5:28  Sentry x2  
  66  5:37  Pylon  
  66  5:39  Colossus (Chrono Boost)  
  72  5:48  Probe x2  
  74  6:00  Probe  
  75  6:07  Extended Thermal Lance (Chrono Boost)  
  75  6:14  Observer  
  75  6:17  Gateway  
  75  6:18  Gateway x2  
  75  6:24  Gateway  
  75  6:26  Warp Prism (Chrono Boost)  
  75  6:27  Gateway  
  75  6:32  Stalker x3  
  83  6:50  Pylon  
  83  6:52  Pylon  
  83  6:53  Pylon  
  83  6:54  Pylon  
  83  6:55  Pylon  
  83  6:56  Pylon  
  83  7:07  Stalker x2  
  83  7:08  Stalker  
  89  7:18  Stalker x4  
  97  7:27  Pylon  
  97  7:36  Sentry  
  99  8:04  Cybernetics Core  
  99  8:05  Zealot x5  
  101  8:06  Zealot x3  
  115  8:13  Pylon  
  115  8:24  Nexus  
  115  8:25  Pylon  
  113  8:55  Stalker x6  
  115  8:56  Stalker x2  
Tags
 
Add a new tag
Caveats
  • Supply blocks, unpowered buildings, or Contaminate may cause inaccurate times.
  • Supply counts are checked every 10 seconds.